 Dungeon Crawl Stone Soup version 0.20.1-1-g8b1a95d (webtiles) character file.

42 Monsterracer the Poker (level 3, -6/28 HPs)
             Began as a Merfolk Skald on July 16, 2017.
             Killed from afar by Sigmund (8 damage)
             ... with a magic dart
             ... on level 2 of the Dungeon.
             The game lasted 00:03:02 (1121 turns).

Monsterracer the Poker (Merfolk Skald)              Turns: 1121, Time: 00:03:02

Health: -6/28      AC:  3    Str: 11    XL:     3   Next: 54%
Magic:  2/6        EV: 18    Int: 13    God:
Gold:   57         SH:  2    Dex: 18    Spells: 1/6 levels left

rFire    + . .     SeeInvis .   a - +0 spear
rCold    . . .     Gourm    .   (no shield)
rNeg     . . .     Faith    .   b - +0 leather armour
rPois    .         Spirit   .   (no helmet)
rElec    .         Reflect  +   (no cloak)
rCorr    .         Harm     .   (no gloves)
MR       .....                  (no boots)
Stlth    ++........             h - +2 amulet of reflection
Regen    0.1/turn               g - ring of protection from fire
MPRegen  0.1/turn               (no ring)

@: agile
A: change form in water, swift swim, stealthy swim
a: no special abilities


You were on level 2 of the Dungeon.
You were not hungry.

You visited 1 branch of the dungeon, and saw 2 of its levels.

You collected 57 gold pieces.

Inventory:

Hand Weapons
 a - a +0 spear (weapon)
Armour
 b - a +0 leather armour (worn)
 k - a +0 buckler
Jewellery
 g - a ring of protection from fire (left hand)
 h - a +2 amulet of reflection (around neck)
Scrolls
 i - a scroll of amnesia {unknown}
 m - a scroll of teleportation {unknown}
 n - a scroll of enchant armour {unknown}
 o - a scroll of remove curse {unknown}
Potions
 e - 2 potions of invisibility {unknown}
 f - a potion of berserk rage {unknown}
 j - a potion of curing {unknown}
 l - a potion of haste {unknown}
 p - a potion of agility
Books
 c - a book of Battle

   Spells                             Type                      Level
   a - Infusion                       Charms                       1
   b - Shroud of Golubria             Charms/Translocation         2
   c - Song of Slaying                Charms                       2
   d - Spectral Weapon                Hexes/Charms                 3
   e - Regeneration                   Charms/Necromancy            3
Comestibles
 d - 4 bread rations


   Skills:
 + Level 2.8 Fighting
 * Level 4.4 Polearms
 - Level 0.6 Armour
 + Level 3.4 Dodging
 - Level 2.0 Spellcasting
 - Level 3.2 Charms


You had one spell level left.
You knew the following spells:

 Your Spells              Type           Power        Failure   Level  Hunger
a - Infusion              Chrm           #...         9%          1    ##.....
b - Song of Slaying       Chrm           #.......     13%         2    ###....
c - Shroud of Golubria    Chrm/Tloc      #.........   26%         2    ###....


Dungeon Overview and Level Annotations

Branches:
Dungeon (2/15)

Altars:
Nemelex Xobeh
Qazlal
Sif Muna

Annotations:
D:2 Sigmund


Message History

The magic dart hits you!
Damage: -7%(-2hp) hp: 58%(16hp)
Something hits you.
* * * LOW HITPOINT WARNING * * *
Huge Dmg: -18%(-5hp) hp: 40%(11hp)
You bump into the rock wall.
You bump into the rock wall.
You feel less confused.
You hear some strange, mumbled words.
Something tries to affect you, but you resist.
Something hits you!
* * * LOW HITPOINT WARNING * * *
Huge Dmg: -32%(-9hp) hp: 8%(2hp)
You hear some strange, mumbled words.
Something tries to affect you, but you resist.
It was a potion of agility.
You feel agile all of a sudden.
A magic dart appears from out of thin air!
The magic dart hits you!
You die...

##†<.# .. #..#
#.##.# ##...# #.#
##.# #.##.# ##...#
#. #.# #.##.# .....#
#.# #.# #.##.#
.....# ..
#.######.##.####
.#...#####
#.###.#.............
.#.......#
#..##.#########..###
.#.......# ###.##.#
#..# ..#####'##
##...@..# #..#
.##8##♣.♣##8###.##{#
#..#
##...##.##...##.##.#
#..#
#_....'.'...._#..#.#
#..#
##...##♣##...##....#
#... .##8##
##8##...?.# ####
##......# #......#
#.....>.#


There were no monsters in sight!

Vanquished Creatures
  2 adders (D:2)
  2 leopard geckos
  4 goblins
  3 hobgoblins
  3 bats (D:2)
  A frilled lizard (D:1)
  2 kobolds
  7 rats
24 creatures vanquished.

Notes
Turn   | Place    | Note
-------+----------+-------------------------------------------
     0 | D:1      | Monsterracer the Merfolk Skald began the quest for the Orb.
     0 | D:1      | Reached XP level 1. HP: 16/16 MP: 3/3
   302 | D:1      | Reached XP level 2. HP: 23/23 MP: 5/5
   383 | D:1      | Found a sparkling altar of Nemelex Xobeh.
   633 | D:2      | Found a deep blue altar of Sif Muna.
   641 | D:2      | Reached skill level 4 in Polearms
   641 | D:2      | Reached XP level 3. HP: 27/28 MP: 1/6
   645 | D:2      | Learned a level 2 spell: Song of Slaying
   648 | D:2      | Learned a level 2 spell: Shroud of Golubria
   692 | D:2      | Found a stormy altar of Qazlal.
  1099 | D:2      | Noticed Sigmund
  1121 | D:2      | Killed from afar by Sigmund

Skill      XL: |  1  2 |
---------------+-------+-----
Dodging        | 3 |  3.4
Polearms       | 4 |  4.4
Fighting       | |  2.8
Armour         | |  0.6
Spellcasting   | |  2.0
Charms         | |  3.2

Action                   || total
-------------------------++-------
Melee: Spear             ||    99
 Cast: Infusion          ||     2
       Shroud of Golubri ||     1
  Use: Potion            ||     1
 Stab: Sleeping          ||     2
  Eat: Chunk             ||     1
Armor: Leather armour    ||     9
Dodge: Dodged            ||    44
Block: Other             ||     3
